 Dungeon Crawl Stone Soup version 0.28-a0-1415-g7c84da036a (webtiles) character file.

Game seed: 9116672651330608299

229 vineage the Skirmisher (level 5, -6/42 (52) HPs)
             Began as a Minotaur Gladiator on Jan 7, 2022.
             Mangled by Eustachio (11 damage)
             ... on level 4 of the Dungeon.
             The game lasted 00:04:42 (3781 turns).

vineage the Skirmisher (Minotaur Gladiator)         Turns: 3781, Time: 00:04:43

HP:   -6/42 (52)    AC:  5    Str: 21    XL:     5   Next: 71%
MP:   4/4           EV: 12    Int:  5    God:
Gold: 158           SH:  0    Dex: 11    Spells: 4/4 levels left

rFire   . . .      SeeInvis .   a - +0 flail
rCold   . . .      Faith    .   (no shield)
rNeg    . . .      Spirit   .   b - +0 leather armour
rPois   .          Reflect  .   c - +0 hat
rElec   .          Harm     .   (no cloak)
rCorr   .          Rampage  .   f - +0 pair of gloves
Will    .....                   o - +0 pair of boots
Stlth   +.........              (no amulet)
HPRegen 0.14/turn               (no ring)
MPRegen 0.09/turn               (no ring)

@: heavily drained, very slow
A: horns 2, retaliatory headbutt
a: no special abilities


You were on level 4 of the Dungeon.
You visited 1 branch of the dungeon, and saw 4 of its levels.

You collected 158 gold pieces.

Inventory:

Hand Weapons
 a - a +0 flail (weapon)
Missiles
 d - 3 throwing nets (quivered)
Armour
 b - a +0 leather armour (worn)
 c - a +0 hat (worn)
 f - a +0 pair of gloves (worn)
 o - a +0 pair of boots (worn)
Wands
 j - a wand of flame (9)
 k - a wand of digging (2)
Scrolls
 g - a scroll of fear
Potions
 e - a potion of brilliance


   Skills:
 + Level 7.3 Fighting
 - Level 3.6 Maces & Flails
 - Level 2.0 Throwing
 - Level 3.2 Dodging


You had 4 spell levels left.
You didn't know any spells.
Your spell library contained the following spells:

 Spells                   Type           Power      Damage    Failure   Level
 Sublimation of Blood     Necr           0%         N/A       67%         2
 Petrify                  Tmut/Erth      0%         N/A       99%         4
 Irradiate                Conj/Tmut      0%         3d14      100%        5
 Summon Forest            Summ/Tloc      0%         N/A       100%        5
 Summon Mana Viper        Hex/Summ       0%         N/A       100%        5
 Summon Cactus Giant      Summ           0%         N/A       100%        6


Dungeon Overview and Level Annotations

Branches:
Dungeon (4/15)
 Temple: D:4-7

Altars:
Elyvilon
Fedhas

Portals:
Sewer: D:4

Annotations:
D:4 Eustachio


Innate Abilities, Weirdness & Mutations

You have a pair of horns on your head.
You reflexively headbutt those who attack you in melee.


Message History

The bat barely misses you. The bat hits you but does no damage.
The river rat bites you.
Eustachio hits you with a +3 falchion of draining.
You feel drained.
You closely miss the river rat.
The river rat is moderately wounded.
The bat hits you but does no damage. x2; The river rat bites you.
Eustachio closely misses you. You furiously retaliate!
You headbutt Eustachio. The river rat barely misses you.
You closely miss the river rat. Your headbutt misses the river rat.
You punch the river rat.
The river rat is heavily wounded.
The bat hits you but does no damage.
Eustachio gestures wildly while chanting.
Eustachio blinks!
The river rat barely misses you.
You hit the river rat.
The river rat is almost dead.
The bat hits you but does no damage. The river rat barely misses you.
You hit the river rat.
You kill the river rat!
The bat barely misses you. The bat closely misses you.
You hit the giant cockroach but do no damage.
You headbutt the giant cockroach.
You kill the giant cockroach!
The bat hits you but does no damage. The bat closely misses you.
Eustachio casts a spell.
You sock the rat!
You kill the rat!
You hear the brisk rusting of a drain.
The bat closely misses you.
Eustachio hits you with a +3 falchion of draining!
* * * LOW HITPOINT WARNING * * *
You feel drained.
* * * LOW HITPOINT WARNING * * *
The river rat barely misses you.
You enter the shallow water.
Moving in this stuff is going to be slow.
The bat closely misses you.
The rat splashes around in the water. x2
Eustachio hits you with a +3 falchion of draining!
You die...

#....<# #.....# ##.
#.[...### # #..
#.#.#.#.#.# #.#
#.#.#..#..# ##
##<######.#.....# .#
#........rb.#....# .#
#..#.#####@.#.#.## .#
#..#.#≈≈≈@#....... .#
#....#≈≈≈r#..#..##.#
.#######.##.#≈∩≈≈#.....#
#
.........##.#≈≈≈≈#.....#
.######.....#≈≈≈≈#..####
.# #......#.######..##
## #.##.#.#...........
####.##.#.#####.....#
..##.#.......# ....#


You could see Eustachio, a bat (summoned) and a rat.

Vanquished Creatures
  4 gnolls (D:3)
  7 adders
  2 river rats (D:4)
  2 worms (D:3)
  A dart slug (D:2)
  4 orcs (D:3)
  10 endoplasms
  5 giant cockroaches
  7 goblins
  11 hobgoblins
  4 jackals (D:1)
  6 kobolds
  6 quokkas
  8 ball pythons
  7 bats
  2 frilled lizards
  11 rats
97 creatures vanquished.

Notes
Turn   | Place    | Note
-------+----------+-------------------------------------------
     0 | D:1      | vineage the Minotaur Gladiator began the quest for the Orb.
     0 | D:1      | Reached XP level 1. HP: 18/18 MP: 0/0
    88 | D:1      | Reached skill level 3 in Fighting
   176 | D:1      | Reached XP level 2. HP: 20/26 MP: 1/1
   250 | D:1      | Found a faded altar of an unknown god.
   510 | D:1      | Reached skill level 4 in Fighting
   904 | D:2      | Reached XP level 3. HP: 16/34 MP: 2/2
  1502 | D:2      | Reached skill level 5 in Fighting
  1873 | D:2      | Reached XP level 4. HP: 42/42 MP: 3/3
  2201 | D:3      | Found a white marble altar of Elyvilon.
  2286 | D:3      | Found a blossoming altar of Fedhas.
  2297 | D:3      | Reached skill level 6 in Fighting
  2485 | D:3      | Reached XP level 5. HP: 47/51 MP: 4/4
  3130 | D:3      | Reached skill level 7 in Fighting
  3409 | D:4      | Noticed Eustachio
  3458 | D:4      | HP: 2/42 [quokka[Eustachio] (2)]
  3746 | D:4      | Found a glowing drain.
  3781 | D:4      | Mangled by Eustachio

Illustrated notes

Levels and vault maps discovered:
D:1:      lightli_arrival_isolated_outpost, layout_loops_ring,
          hellmonk_ecumenical_altar_blasted
D:2:      layout_basic, grunt_ministairs_12
D:3:      minmay_thinvault, layout_loops_cross, mainiacjoe_overflow_alcove_2,
          elyvilon_altar_5, minmay_diced_spiral
D:4:      layout_loops_cross, portal_sewer_entry_c, uniq_natasha,
          uniq_eustachio, uniq_duvessa, uniq_pikel

Skill      XL: |  1  2  3  4  5 |
---------------+----------------+-----
Fighting       | 3 4 5 6 7 |  7.3
Maces & Flails | |  3.6
Throwing       | |  2.0
Dodging        | |  3.2

Action                   |  1- 3 |  4- 6 || total
-------------------------+-------+-------++-------
Melee: Flail             |    87 |   123 ||   210
       Headbutt          |    15 |    21 ||    36
       Punch             |       |     1 ||     1
  Use: Scroll            |     1 |     9 ||    10
       Potion            |       |     3 ||     3
Armor: Leather armour    |    23 |    43 ||    66
Dodge: Dodged            |    62 |    95 ||   157

Table legend: (Time is in decaauts)
 A = Elapsed time spent in this place.
 B = Non-inter-level travel time spent in this place.
 C = Inter-level travel time spent in this place.
 D = Time resting spent in this place.
 E = Time spent auto-exploring this place.
 F = Levels seen in this place.
 G = Mean time per level.
                   A        B        C        D        E       F      G
               +--------+--------+--------+--------+--------+-----+--------+
         Total |   3839 |   3653 |    186 |    569 |   2542 |   4 |  959.8 |
       Dungeon |   3839 |   3653 |    186 |    569 |   2542 |   4 |  959.8 |
               +--------+--------+--------+--------+--------+-----+--------+

Top non-repeatable levels by time:
     D:3: 1277 daAuts
     D:1: 1196 daAuts
     D:2: 959 daAuts
     D:4: 407 daAuts
